 Dungeon Crawl Stone Soup version 0.22-a0-769-g178e55541d (webtiles) character file.

1167 Htamos the Destroyer (level 8, 0/54 HPs)
             Began as an Octopode Conjurer on July 17, 2018.
             Was an Initiate of Ashenzari.
             Slain by a quasit (3 damage)
             ... on level 5 of the Dungeon.
             The game lasted 00:16:50 (7694 turns).

Htamos the Destroyer (Octopode Conjurer)            Turns: 7694, Time: 00:16:51

Health: 0/54       AC:  1    Str:  7      XL:     8   Next: 40%
Magic:  14/14      EV: 13    Int: 19      God:    Ashenzari [......]
Gold:   184        SH:  0    Dex:  7 (13) Spells: 10/15 levels left

rFire    . . .     SeeInvis .   e - +2 hand axe (venom)
rCold    . . .     Gourm    .   (no shield)
rNeg     + + +     Faith    .   (helmet restricted)
rPois    .         Spirit   .   (no amulet)
rElec    .         Reflect  .   i - ring of positive energy (curse)
rCorr    .         Harm     .   t - ring of positive energy (curse)
MR       .....                  E - ring of positive energy
Stlth    +++.......             (no ring)
HPRegen  0.18/turn              (no ring)
MPRegen  0.14/turn              (no ring)
                                (no ring)
                                (no ring)

@: lethally poisoned (0 -> 0), berserk cooldown, slowed, very slow
A: almost no armour, stealthy swim, amphibious, 8 rings, constrict 8, camouflage
1, gelatinous body 1
a: Curse Item, Renounce Religion


You were on level 5 of the Dungeon.
You worshipped Ashenzari.
Ashenzari was noncommittal.
You were near starving.

You visited 1 branch of the dungeon, and saw 6 of its levels.

You collected 184 gold pieces.

Inventory:

Hand Weapons
 a - a +0 dagger
 e - a +2 hand axe of venom (weapon)
Jewellery
 i - a cursed ring of positive energy (left tentacle)
 l - a cursed -2 ring of protection
 t - a cursed ring of positive energy (right tentacle)
 E - a ring of positive energy (on tentacle)
Wands
 m - a wand of iceblast (7)
 y - a wand of random effects (33)
Scrolls
 f - 5 scrolls of amnesia {unknown}
 g - 2 scrolls of fear {unknown}
 h - 2 scrolls of magic mapping {unknown}
 j - a scroll of blinking {unknown}
 n - 2 scrolls of immolation {unknown}
 o - a scroll of fog {unknown}
 p - 3 scrolls of enchant armour {unknown}
 r - 3 scrolls of teleportation {unknown}
 s - 3 scrolls of identify
 A - 2 scrolls of remove curse
 D - a scroll of enchant weapon {unknown}
 F - a scroll of noise {unknown}
Potions
 c - 2 potions of cancellation
 d - a potion of berserk rage
 q - a potion of magic {unknown}
 u - a potion of lignification {unknown}
 v - a potion of flight {unknown}
 w - a potion of invisibility {unknown}
 x - 2 potions of degeneration {unknown}
 z - a potion of heal wounds {unknown}
 B - 2 potions of brilliance {unknown}
Comestibles
 b - 6 rations
 C - a chunk of flesh


   Skills:
 + Level 3.8 Fighting
 - Level 2.0 Dodging
 - Level 2.6 Stealth
 - Level 4.0 Spellcasting
 + Level 9.0 Conjurations


You had 10 spell levels left.
You knew the following spells:

 Your Spells              Type           Power        Failure   Level  Hunger
a - Magic Dart            Conj           ####         1%          1    None
b - Iskenderun's Mystic   Conj           #####...     3%          4    ####...

Your spell library contained the following spells:

 Spells                   Type           Power        Failure   Level  Hunger
 Fulminant Prism          Conj/Hex       ###.......   22%         4    ####...
 Dazzling Spray           Conj/Hex       ###...       6%          3    ###....
 Force Lance              Conj/Tloc      ###.....     22%         4    ####...
 Searing Ray              Conj           #####.       1%          2    ##.....


Dungeon Overview and Level Annotations

Branches:
Dungeon (6/15)
 Temple: D:4-7

Altars:
Ashenzari
Ru
Trog
Uskayaw
Xom

Annotations:
D:3 Sigmund
D:6 Grinder


Innate Abilities, Weirdness & Mutations

You cannot wear most types of armour.
You are very stealthy in the water. (Stealth+)
You are amphibious.
You can wear up to eight rings at the same time.
You can use your tentacles to constrict eight enemies at once.
Your skin changes colour to match your surroundings (Stealth+).
Your rubbery body absorbs attacks. (AC +1, EV +1)


Message History

You hit the quasit.
The quasit is poisoned.
Your grab misses the quasit.
The quasit is moderately wounded.
The quasit bites you.
* * * LOW HITPOINT WARNING * * *
The quasit claws you.
* * * LOW HITPOINT WARNING * * *
The quasit closely misses you.
You hit the quasit. Your grab misses the quasit.
The quasit is moderately wounded.
You feel sick. The quasit barely misses you.
The quasit claws you but does no damage.
The quasit closely misses you.
Unknown command.
You feel a strong urge to attack something.
You are no longer berserk.
You are exhausted.
You feel yourself slow down.
You feel sick. The quasit bites you.
You die...

#.# #.# #.# #.# #.# #.#
#.####### #####.# #.# #.......#
#.....# #.#
##########.########.#########.##
...................>...........#
##.#######.#.###.##............#
##.###...#.#.#.#5############.##
...........#<..#@# #.#
.........#######.#### #.#
.#.............#....# #.#
.#(..#.#######.####.# #.#
.#.#.#.# #.# #.# #.# .....#.#
#.# #.# #.# ##.###.# #.# #.# #.#
##.###.# #.# #.#########.#
#...##.# #.# #...........#


You could see a quasit.

Vanquished Creatures
  A sky beast (D:5)
  An ogre (D:4)
  2 centaurs (D:5)
  2 scorpions
  2 howler monkeys (D:5)
  A crimson imp (D:6)
  A quasit (D:6)
  A hound (D:6)
  A jelly (D:5)
  3 orc priests (D:5)
  3 iguanas
  2 orc wizards (D:4)
  A worker ant (D:5)
  A hound skeleton (D:5)
  A worker ant zombie (D:6)
  9 adders
  4 gnolls (D:3)
  A shadow imp (D:5)
  An ooze (D:2)
  2 worms
  2 dart slugs
  4 leopard geckos
  14 orcs
  4 ball pythons
  9 giant cockroaches
  6 goblins
  11 hobgoblins
  6 jackals
  9 kobolds
  4 quokkas
  12 bats
  3 frilled lizards
  14 rats
138 creatures vanquished.

Notes
Turn   | Place    | Note
-------+----------+-------------------------------------------
     0 | D:1      | Htamos the Octopode Conjurer began the quest for the Orb.
     0 | D:1      | Reached XP level 1. HP: 11/11 MP: 3/3
   239 | D:1      | Reached XP level 2. HP: 17/17 MP: 1/5
  1106 | D:2      | Reached XP level 3. HP: 21/21 MP: 2/6
  1465 | D:2      | Reached XP level 4. HP: 23/27 MP: 4/8
  2381 | D:2      | Reached skill level 5 in Conjurations
  2541 | D:3      | Reached XP level 5. HP: 18/31 MP: 3/10
  2836 | D:3      | Found a shattered altar of Ashenzari.
  2950 | D:3      | Became a worshipper of Ashenzari the Shackled
  2963 | D:3      | Noticed Sigmund
  3888 | D:4      | Noticed a phantom
  4475 | D:4      | Reached XP level 6. HP: 36/36 MP: 9/12
  4484 | D:4      | Reached skill level 6 in Conjurations
  4498 | D:4      | Noticed a moth of wrath
  4506 | D:4      | Found a bloodstained altar of Trog.
  5063 | D:5      | Entered Level 5 of the Dungeon
  5088 | D:5      | Reached skill level 7 in Conjurations
  5117 | D:5      | Reached XP level 7. HP: 41/41 MP: 6/13
  5286 | D:5      | Learned a level 4 spell: Iskenderun's Mystic Blast
  5520 | D:5      | Reached skill level 8 in Conjurations
  5590 | D:5      | Reached skill level 1 in Fighting
  6193 | D:5      | Reached XP level 8. HP: 41/51 MP: 14/14
  6650 | D:6      | Noticed Grinder
  6709 | D:6      | Found a sacrificial altar of Ru.
  6712 | D:6      | Found a shimmering altar of Xom.
  6715 | D:6      | Found a hide-covered altar of Uskayaw.
  7677 | D:5      | Reached skill level 9 in Conjurations
  7694 | D:5      | Slain by a quasit

Vault maps used:
D:1:      roderic_chinese_lattice_arrival
D:3:      ashenzari_altar_1, uniq_sigmund
D:4:      first_ration, tgw_trog
D:6:      cheibrodos_barr_body, grunt_temple_overflow_diamond, temple_pool_b,
          basic_altar, uniq_grinder

Skill      XL: |  1  2  3  4  5  6  7  8 |
---------------+-------------------------+-----
Spellcasting   | 3 4 |  4.0
Conjurations   | 5 7 8 9 |  9.0
Fighting       | 2 3 |  3.8
Dodging        | |  2.0
Stealth        | |  2.6

Action                   |  1- 3 |  4- 6 |  7- 9 || total
-------------------------+-------+-------+-------++-------
Melee: Unarmed           |     6 |       |       ||     6
       Constrict         |     4 |    16 |    12 ||    32
       Tentacles         |     2 |    10 |     8 ||    20
       Hand axe          |     4 |    43 |    61 ||   108
 Cast: Magic Dart        |    56 |   110 |    94 ||   260
Invok: Curse Item        |       |       |     1 ||     1
Evoke: Wand              |       |     2 |       ||     2
  Use: Scroll            |       |     4 |       ||     4
       Potion            |       |     1 |     4 ||     5
 Stab: Sleeping          |     1 |     2 |     2 ||     5
  Eat: Chunk             |     2 |     8 |     6 ||    16
       Ration            |       |     1 |       ||     1
Armor: Skin              |     1 |     4 |    10 ||    15
Dodge: Dodged            |    15 |    32 |    97 ||   144

Table legend:
 A = Spawn XP
 B = Non-spawn XP
 C = Spawn XP percentage of total XP
 D = Spawn monster count
 E = Non-spawn monster count
 F = Spawn count percentage of total count
 G = Total turns spent on level
                    A         B        C        D         E        F      G
               +---------+---------+-------+---------+---------+-------+---------
         Total |       0 |    1668 |   0.0 |       0 |     138 |   0.0 |  7694
               +---------+---------+-------+---------+---------+-------+---------
           D:1 |       0 |      31 |   0.0 |       0 |      19 |   0.0 |  1085
           D:2 |       0 |      94 |   0.0 |       0 |      35 |   0.0 |  1650
           D:3 |       0 |     115 |   0.0 |       0 |      22 |   0.0 |  1182
           D:4 |       0 |     340 |   0.0 |       0 |      23 |   0.0 |  1401
           D:5 |       0 |     810 |   0.0 |       0 |      20 |   0.0 |  1722
           D:6 |       0 |     278 |   0.0 |       0 |      19 |   0.0 |   654
               +---------+---------+-------+---------+---------+-------+---------
